 Dungeon Crawl Stone Soup version 0.18.1-50-g88ac8fd (webtiles) character file.

142 Nadrilmar the Gusty (level 5, 0/28 HPs)
             Began as a Tengu Air Elementalist on Sept 21, 2016.
             Killed by divine providence
             ... invoked by an orc priest
              (14 damage)
             ... on level 3 of the Dungeon.
             The game lasted 00:25:55 (2569 turns).

Nadrilmar the Gusty (Tengu Air Elementalist)        Turns: 2569, Time: 00:25:56

Health: 0/28       AC:  2    Str:  8    XL:     5   Next: 24%
Magic:  4/10       EV: 13    Int: 17    God:
Gold:   75         SH:  0    Dex: 14    Spells: 4 memorised, 2 levels left

rFire  . . .     SeeInvis .     f - +0 dagger (curse)
rCold  . . .     Gourm    .     a - +0 robe
rNeg   . . .     Faith    .     (no shield)
rPois  .         Spirit   .     (helmet restricted)
rElec  .         Dismiss  .     (no cloak)
rCorr  .         Reflect  .     (no gloves)
SustAt .         Harm     .     (boots unavailable)
MR     +....                    (no amulet)
Stlth  ++........               c - ring of protection from magic
                                j - ring of wizardry

@: repel missiles, somewhat resistant to hostile enchantments, unstealthy
A: beak, talons 3, able to fly 1
a: Fly


You were on level 3 of the Dungeon.
You were not hungry.

You visited 1 branch of the dungeon, and saw 3 of its levels.

You collected 75 gold pieces.

Inventory:

Hand Weapons
 f - a cursed +0 dagger (weapon)
 g - a +0 dagger of venom
Armour
 a - a +0 robe (worn)
Jewellery
 c - a ring of protection from magic (right hand)
 h - an uncursed ring of ice
 j - a ring of wizardry (left hand)
 n - an uncursed amulet of guardian spirit {unknown}
 o - an uncursed ring of poison resistance {unknown}
Scrolls
 i - a scroll of identify
 l - a scroll of remove curse {unknown}
 m - a scroll of teleportation {unknown}
Potions
 d - a potion of agility {unknown}
 e - 3 potions of curing {unknown}
 k - a potion of lignification {unknown}
Books
 b - a book of Air

   Spells                             Type                      Level
   a - Shock                          Conjuration/Air              1
   b - Swiftness                      Charms/Air                   2
   c - Repel Missiles                 Charms/Air                   2
   d - Static Discharge               Conjuration/Air              3
   e - Lightning Bolt                 Conjuration/Air              5
Comestibles
 p - 2 chunks of flesh


   Skills:
 + Level 0.4 Fighting
 + Level 3.1 Dodging
 + Level 2.0 Stealth
 + Level 3.0 Spellcasting
 + Level 2.8 Conjurations
 + Level 5.5 Air Magic


You had 2 spell levels left.
You knew the following spells:

 Your Spells              Type           Power        Failure   Level  Hunger
a - Shock                 Conj/Air       ###.         1%          1    None
b - Repel Missiles        Chrm/Air       ##....       4%          2    ##.....
c - Swiftness             Chrm/Air       ##......     4%          2    ##.....
d - Static Discharge      Conj/Air       ###.....     4%          3    ###....


Dungeon Overview and Level Annotations

Branches:
Dungeon (3/15)

Altars:


Innate Abilities, Weirdness & Mutations

You have a beak for a mouth.
You have claws for feet.
You can fly.


Message History

The orc priest invokes the aid of Beogh against you.
Beogh smites you!
Casting: Shock
Confirm with . or Enter, or press ? or * to list all spells.
Aiming: Shock
Press: ? - help, Shift-Dir - straight line, p - orc wizard A mace.
There is something else lying underneath.
Okay, then.
Casting: Shock
Confirm with . or Enter, or press ? or * to list all spells.
Aiming: Shock
Press: ? - help, Shift-Dir - straight line, f/p - orc wizard
Aim: an orc wizard, wielding a dagger and wearing a robe The zap misses the orc.
The zap hits the orc wizard.
The orc wizard is heavily wounded.
The orc priest invokes the aid of Beogh against you.
Beogh smites you!
Ouch! That really hurt!
You die...

#.# #.# #... ..
#.#.# #.# # #....
.. .. #..#.#.# #.#
#...... ..
#..#.#.#.#o#
#.#.@)o..o.)
#...#.#.#.#.#.#.#.
##.#.............#
#.#.#.#.#.#.#.#.#
#.##............
#.# ####.......#
#.# #........#.###
#)# #.....#[.....#
#.# ...#.....#


You could see an orc priest, an orc wizard and an orc.

Vanquished Creatures
  3 gnolls (D:2)
  4 adders
  An ooze (D:2)
  A worm (D:2)
  2 dart slugs (D:1)
  11 orcs (D:3)
  6 bats
  5 giant cockroaches
  2 hobgoblins (D:1)
  6 jackals (D:2)
  2 giant newts (D:1)
  3 goblins
  5 kobolds
  6 rats
57 creatures vanquished.

Notes
Turn   | Place    | Note
--------------------------------------------------------------
     0 | D:1      | Nadrilmar the Tengu Air Elementalist began the quest for the Orb.
     0 | D:1      | Reached XP level 1. HP: 10/10 MP: 4/4
   105 | D:1      | Reached XP level 2. HP: 15/15 MP: 1/6
   109 | D:1      | Learned a level 2 spell: Repel Missiles
   382 | D:1      | Reached skill level 5 in Air Magic
   501 | D:1      | Reached XP level 3. HP: 19/19 MP: 4/7
  1550 | D:2      | Reached XP level 4. HP: 24/24 MP: 1/8
  1612 | D:2      | Learned a level 2 spell: Swiftness
  1616 | D:2      | Learned a level 3 spell: Static Discharge
  2374 | D:3      | Gained mutation: You can fly. [Tengu growth]
  2374 | D:3      | Reached XP level 5. HP: 28/28 MP: 3/10
  2569 | D:3      | Killed from afar by an orc priest

Skill      XL: |  1  2  3  4  5 |
---------------+----------------+-----
Air Magic      | 5 |  5.5
Conjurations   | 2 |  2.8
Dodging        | 3 |  3.1
Spellcasting   | 3 |  3.0
Fighting       | |  0.4
Stealth        | |  2.0

Action                   |  1- 3 |  4- 6 || total
-------------------------+-------+-------++-------
Melee: Unarmed           |     2 |       ||     2
       Peck              |     3 |       ||     3
       Dagger            |    22 |       ||    22
       Kick              |     2 |       ||     2
 Cast: Shock             |    71 |    54 ||   125
       Repel Missiles    |       |     1 ||     1
  Use: Scroll            |     2 |     1 ||     3
  Eat: Bread ration      |     1 |       ||     1
       Chunk             |       |     2 ||     2
Armor: Robe              |    10 |       ||    10
Dodge: Dodged            |    33 |     4 ||    37
